 Dungeon Crawl Stone Soup version 0.31.0-7-gf635a9b802 (webtiles) character file.

Game seed: 15681837920041960390

1610 monsoonserge the Slasher (level 9, -2/60 HPs)
             Began as a Djinni Monk on Jan 24, 2024.
             Was an Elder of Lugonu.
             Killed by miscasting Mephitic Cloud (11 damage)
             ... on level 7 of the Dungeon.
             The game lasted 00:16:59 (6012 turns).

monsoonserge the Slasher (Djinni Monk)              Turns: 6012, Time: 00:17:01

Health: -2/60      AC: 11    Str: 10    XL:     9   Next: 16%
Gold:   192        EV: 11    Int: 20    God:    Lugonu [****..] SH:  0 Dex: 10

rFire   + + +        H - +0 long sword
rCold   x . .        d - orb {light}
rNeg    + . .        t - +3 ring mail of Action {rF+ Int+3 Dex-5 Stlth+}
rPois   ∞            (no helmet)
rElec   .            D - +0 cloak
rCorr   .            h - +0 pair of gloves
SInv    .            (boots unavailable)
Will    +....        (no amulet)
Stlth   +            u - ring of positive energy
HPRegen 0.30/turn    A - ring of willpower
MPRegen 0.00/turn

%: infuse magic (-3 HP)
@: weakened, flying, very slightly contaminated, glowing
A: sickness immunity, fire resistance 2, cold vulnerability 1, float, innate
caster, HP casting, extra vitality 1
a: Renounce Religion, Depart the Abyss, Banish, Corrupt


You were on level 7 of the Dungeon.
You worshipped Lugonu.
Lugonu was greatly pleased with you.
You visited 2 branches of the dungeon, and saw 8 of its levels.

You collected 234 gold pieces.
You spent 42 gold pieces at shops.

Inventory:

Hand Weapons
 p - a +0 dagger of speed
 x - a +1 trident of freezing
 H - a +0 long sword (weapon)
Missiles
 n - 5 datura-tipped darts
 s - 2 javelins
 B - 12 poisoned darts (quivered)
 J - 2 throwing nets
Armour
 d - an orb of light (worn)
 h - a +0 pair of gloves (worn)
 t - the +3 ring mail of Action (worn) {rF+ Int+3 Dex-5 Stlth+}
   (You took it off an orc on level 3 of the Dungeon)

   Int+3:     It affects your intelligence (+3).
   Dex-5:     It affects your dexterity (-5).
   rF+:       It protects you from fire.
   Stlth+:    It makes you more stealthy.
 D - a +0 cloak (worn)
Magical Staves
 i - a staff of conjuration
Jewellery
 u - a ring of positive energy (left hand)
 A - a ring of willpower (right hand)
Talismans
 I - a granite talisman
Wands
 r - a wand of iceblast (3)
Scrolls
 a - 2 scrolls of immolation {unknown}
 e - 3 scrolls of enchant weapon {unknown}
 f - a scroll of blinking {unknown}
 j - 5 scrolls of poison {unknown}
 k - 3 scrolls of teleportation {unknown}
 m - a scroll of fog {unknown}
 q - 5 scrolls of identify {unknown}
 y - 2 scrolls of vulnerability {unknown}
 z - 2 scrolls of enchant armour {unknown}
 F - a scroll of noise {unknown}
 G - 2 scrolls of revelation {unknown}
Potions
 b - 4 potions of heal wounds
 c - 2 potions of ambrosia
 g - a potion of degeneration {unknown}
 l - 3 potions of enlightenment {unknown}
 o - 2 potions of mutation {unknown}
 v - 2 potions of brilliance {unknown}
 w - a potion of cancellation {unknown}
 C - 2 potions of attraction {unknown}
 E - 2 potions of curing {unknown}


   Skills:
 - Level 3.0 Fighting
 + Level 6.5 Long Blades
 + Level 0.8 Throwing
 * Level 6.1 Armour
 - Level 4.0 Dodging
 * Level 2.6 Spellcasting
 * Level 2.6 Conjurations
 * Level 2.6 Hexes
 * Level 2.6 Summonings
 * Level 2.6 Necromancy
 * Level 2.6 Translocations
 * Level 2.6 Fire Magic
 * Level 2.6 Ice Magic
 * Level 2.6 Air Magic
 * Level 2.6 Earth Magic
 * Level 2.6 Alchemy
 * Level 3.8 Invocations


You knew the following spells:

 Your Spells              Type           Power      Damage    Failure   Level
a - Freeze                Ice            52%        1d6       11%         1
b - Ensorcelled Hibernat  Hex/Ice        26%        N/A       17%         2
c - Mephitic Cloud        Conj/Alch/Air  13%        N/A       32%         3
d - Volatile Blastmotes   Fire/Tloc      26%        2d12      32%         3
Your spell library was empty.

Dungeon Overview and Level Annotations

Branches:
Dungeon (7/15)             Temple (1/1) D:6

Altars:
Ashenzari
Dithmenos
Fedhas
Gozag
Hepliaklqana
Makhleb
Ru
Uskayaw
Wu Jian
Yredelemnul
Zin
Lugonu

Shops:
D:5 *

Portals:
Abyss: D:4

Annotations:
D:4 2 transporters, TheBioAlchemist's ghost, amateur OpSh
D:5 2 transporters, san475's ghost, novice HOMo
D:6 1 runed translucent door, jestert79's ghost, novice FoHs
Abyss:1 Edmund


Innate Abilities, Weirdness & Mutations

You are immune to sickness and miasma.
You are immune to poison.
Your flesh is very heat resistant. (rF++)
You are vulnerable to cold. (rC-)
You float through the air rather than walking.
You learn spells naturally, not from books.
Your magical power is your life essence.
You have superior vitality. (+4 MHP)


Message History

The bullfrog is almost dead.
The bullfrog releases a deep croak.
The bullfrog hits you but does no damage.
You hit the bullfrog.
You kill the bullfrog!
Lugonu accepts your kill. The wyvern closely misses you.
You hit the wyvern but do no damage. The wyvern bites you.
You hit the wyvern but do no damage. The wyvern bites you.
The wyvern barely misses you.
You barely miss the wyvern. The wyvern bites you!
You slash the wyvern!
The wyvern is moderately wounded.
Your attacks no longer feel as feeble.
The wyvern bites you! The wyvern bites you.
You barely miss the wyvern.
The wyvern is moderately wounded.
The wyvern bites you!
* * * LOW HITPOINT WARNING * * *
The wyvern bites you.
* * * LOW HITPOINT WARNING * * *
You hit the wyvern but do no damage.
The wyvern is moderately wounded.
The wyvern bites you.
* * * LOW HITPOINT WARNING * * *
The gnoll bouda gazes fiercely through you!
You feel your attacks grow feeble. The wyvern misses you.
Casting: Volatile Blastmotes (dangerous; 32% risk of failure)
Confirm with . or Enter, or press ? or * to list all spells.
Okay, then.
Casting: Volatile Blastmotes (dangerous; 32% risk of failure)
Confirm with . or Enter, or press ? or * to list all spells.
Aiming: Mephitic Cloud (dangerous; 32% risk of failure)
Press: ? - help, Shift-Dir - straight line, f - wyvern
Aim: a wyvern (moderately wounded, haloed, chance to affect: 77%)
You miscast Mephitic Cloud.
You are very lightly contaminated with residual magic.
Electricity courses through your body!
You die...

#.# ...# #..## # #... .#
#..####.# ##
####......###.. .#
#....JFg....... .#
#.####k#######. .# #.#
#@###
.##########.####...####
......((..[.............
###########[.###....#.##
#.<# #....# # # #..#
##...# .. #..# #.##
#.##..#### .#
###........# ..


You could see a wyvern, a bullfrog, a gnoll bouda and a jelly.

Vanquished Creatures
  A water moccasin (D:5)
  Duvessa (D:7)
  A sky beast (D:7)
  A black bear (D:6)
  A kobold brigand (D:7)
  3 bullfrogs
  A scorpion (D:5)
  Dowan (D:7)
  A killer bee (D:6)
  A howler monkey (D:6)
  A hound (D:3)
  2 jellies
  2 orc priests
  A gnoll bouda (D:5)
  A sleepcap (D:7)
  2 iguanas
  Natasha (twice) (D:3)
  6 adders
  9 gnolls
  3 dart slugs
  11 orcs
  6 endoplasms
  6 giant cockroaches
  12 hobgoblins
  5 jackals (D:4)
  6 quokkas
  7 ball pythons
  12 bats
  2 frilled lizards
  5 goblins
  4 kobolds
  5 rats
122 creatures vanquished.

Notes
Turn   | Place    | Note
-------+----------+-------------------------------------------
     0 | D:1      | monsoonserge the Djinni Monk began the quest for the Orb.
     0 | D:1      | Reached XP level 1. HP: 20/20 MP: 0/0
    88 | D:1      | Reached XP level 2. HP: 8/25 MP: 0/0
   309 | D:1      | Found a faded altar of an unknown god.
   323 | D:1      | Prayed at the altar of an unknown god.
   323 | D:1      | Became a worshipper of Lugonu the Unformed
   323 | D:1      | Reached * piety under Lugonu
   323 | D:1      | Reached ** piety under Lugonu
   447 | D:1      | Reached XP level 3. HP: 30/30 MP: 0/0
   447 | D:1      | Learned a level 1 spell: Freeze
   502 | D:1      | Reached *** piety under Lugonu
   858 | D:2      | Got Sif Muna's Verses on the Excruciating Oath
   877 | D:2      | Reached XP level 4. HP: 35/35 MP: 0/0
  1445 | D:3      | Reached skill level 1 in Armour
  1445 | D:3      | Reached skill level 1 in Spellcasting
  1445 | D:3      | Reached skill level 1 in Conjurations
  1445 | D:3      | Reached skill level 1 in Hexes
  1445 | D:3      | Reached skill level 1 in Summonings
  1445 | D:3      | Reached skill level 1 in Necromancy
  1445 | D:3      | Reached skill level 1 in Translocations
  1445 | D:3      | Reached skill level 1 in Fire Magic
  1445 | D:3      | Reached skill level 1 in Ice Magic
  1445 | D:3      | Reached skill level 1 in Air Magic
  1445 | D:3      | Reached skill level 1 in Earth Magic
  1445 | D:3      | Reached skill level 1 in Alchemy
  1445 | D:3      | Reached skill level 1 in Invocations
  1449 | D:3      | Identified the +3 ring mail of Action {rF+ Int+3 Dex-5
                  | Stlth+}
  1451 | D:3      | Noticed Natasha
  1469 | D:3      | Killed Natasha
  1470 | D:3      | Reached XP level 5. HP: 14/40 MP: 0/0
  1470 | D:3      | Learned a level 2 spell: Ensorcelled Hibernation
  1704 | D:3      | Noticed Natasha
  1716 | D:3      | Killed Natasha
  1775 | D:4      | Reached **** piety under Lugonu
  1965 | D:4      | Noticed TheBioAlchemist's ghost (amateur OpSh)
  1974 | D:4      | Found a transporter.
  1998 | D:4      | Noticed a small abomination
  2012 | D:5      | Entered Level 5 of the Dungeon
  2187 | D:5      | Reached XP level 6. HP: 35/46 MP: 0/0
  2606 | D:4      | Found a transporter.
  2610 | D:4      | Noticed a small abomination
  2638 | D:4      | Noticed a toenail golem
  2644 | D:4      | Found a one-way gate to the infinite horrors of the Abyss.
  2976 | D:3      | Noticed a black bear
  2989 | D:3      | Banished a black bear
  2990 | D:3      | Reached XP level 7. HP: 42/50 MP: 0/0
  2990 | D:3      | Learned a level 3 spell: Mephitic Cloud
  3519 | D:5      | Found a transporter.
  3519 | D:5      | Noticed san475's ghost (novice HOMo)
  3520 | D:5      | Found a transporter.
  3900 | D:5      | Reached skill level 5 in Long Blades
  4084 | D:5      | Noticed Edmund
  4108 | D:5      | Banished Edmund
  4109 | D:5      | Reached XP level 8. HP: 10/56 MP: 0/0
  4293 | D:5      | Found Bellik's Assorted Antiques.
  4302 | D:5      | Bought a scroll labelled UKLYILEMAT for 21 gold pieces
  4302 | D:5      | Bought a scroll labelled UKLYILEMAT for 21 gold pieces
  4661 | D:6      | Found a runed translucent door.
  4715 | D:6      | Noticed jestert79's ghost (novice FoHs)
  4972 | D:6      | Reached skill level 5 in Armour
  5071 | D:6      | Found a staircase to the Ecumenical Temple.
  5085 | Temple   | Entered the Ecumenical Temple
  5694 | D:7      | Noticed Duvessa
  5721 | D:7      | Killed Duvessa
  5797 | D:7      | Noticed Dowan
  5802 | D:7      | Killed Dowan
  5803 | D:7      | Reached XP level 9. HP: 54/60 MP: 0/0
  5803 | D:7      | Learned a level 3 spell: Volatile Blastmotes
  6012 | D:7      | Killed by miscasting Mephitic Cloud

Illustrated notes

Levels and vault maps discovered:
D:1:      eino_arrival_druids_welcome, layout_loops_ring,
          ebering_ecumenical_altar_sacrificial
D:2:      layout_loops_ring, st_stairs_4, dreamdust_princess_bridge,
          minmay_domino_2
D:3:      layout_basic, uniq_natasha
D:4:      layout_gridville, gammafunk_ghost_abyssal_escape
D:5:      layout_basic, serial_shops, nicolae_shop_tiny_glass,
          gammafunk_ghost_arena, uniq_edmund
D:6:      layout_rooms, minmay_temple_entry_proselytizer,
          ebering_ghost_reflecting_pool
D:7:      layout_loops_ring, minmay_ruined_shrine, uniq_duvessa
Temple:   hellmonk_temple_two_chambers

Skill      XL: |  1  2  3  4  5  6  7  8  9 |
---------------+----------------------------+-----
Long Blades    | 3 4 5 6 |  6.5
Armour         | 1 2 3 4 5 6 |  6.1
Spellcasting   | 1 2 |  2.6
Conjurations   | 1 2 |  2.6
Hexes          | 1 2 |  2.6
Summonings     | 1 2 |  2.6
Necromancy     | 1 2 |  2.6
Translocations | 1 2 |  2.6
Fire Magic     | 1 2 |  2.6
Ice Magic      | 1 2 |  2.6
Air Magic      | 1 2 |  2.6
Earth Magic    | 1 2 |  2.6
Alchemy        | 1 2 |  2.6
Invocations    | 1 2 3 |  3.8
Dodging        | 4 |  4.0
Fighting       | |  3.0
Throwing       | |  0.8

Action                     |  1- 3 |  4- 6 |  7- 9 || total
---------------------------+-------+-------+-------++-------
  Melee: Falchion          |    83 |   209 |   125 ||   417
         Long sword        |       |       |   132 ||   132
  Throw: Dart              |       |       |    10 ||    10
   Cast: Freeze            |       |       |     1 ||     1
         Volatile Blastmot |       |       |     1 ||     1
 Invoke: Banish            |       |     1 |     1 ||     2
  Evoke: Wand              |       |       |     2 ||     2
    Use: Potion            |       |     1 |       ||     1
 Armour: Robe              |    28 |       |       ||    28
         Leather armour    |    15 |    65 |       ||    80
         Ring mail         |       |   105 |   205 ||   310
  Dodge: Dodged            |    53 |   132 |   162 ||   347
